Map: Ice and Chrome LE

Players

TLHarstem (Harstem)

  • Race: Protoss Protoss
  • League: Master
  • Spawn Location: 1:00

LiquidMaNa (MaNa) - Winner!

  • Race: Protoss Protoss
  • League: Grandmaster
  • Spawn Location: 7:00

Event: DreamHack SC2 Masters 2020 Fall

VOD

Have the link to the VOD?

Description

Time

  • Played on: Aug. 28, 2020, 1:48 p.m.
  • Length: 3:59

All games in this series

Show
View Real Time Build Order
Export as new Build Order

TLHarstem Protoss 

Build Orders: Oracle Opening 

Get SALT Encoding   

  12  0:00  Probe  
  13  0:12  Probe  
  14  0:17  Pylon  
  14  0:25  Probe  
  15  0:35  Gateway  
  15  0:37  Probe (Chrono Boost)  
  16  0:47  Assimilator  
  16  0:48  Probe (Chrono Boost)  
  17  0:52  Probe (Chrono Boost)  
  17  0:55  Assimilator  
  18  1:04  Probe  
  19  1:07  Gateway  
  19  1:16  Probe  
  20  1:25  Cybernetics Core  
  20  1:28  Probe  
  21  1:34  Pylon  
  21  1:40  Probe  
  22  1:52  Probe  
  23  2:01  Stargate  
  23  2:03  Stalker  
  23  2:06  Probe  
  26  2:11  Stalker  
  28  2:19  Pylon  
  28  2:23  Probe  
  29  2:48  Oracle (Chrono Boost)  
  32  3:05  Probe  
  31  3:17  Probe  
  28  3:23  Oracle (Chrono Boost)  
  28  3:30  Probe  
  28  3:42  Probe  
  29  3:49  Nexus  
Show
View Real Time Build Order
Export as new Build Order

LiquidMaNa Protoss - Winner!

Build Orders: Oracle Opening 

Get SALT Encoding   

  12  0:00  Probe  
  13  0:12  Probe  
  14  0:16  Pylon  
  14  0:24  Probe (Chrono Boost)  
  15  0:36  Gateway, Probe (Chrono Boost)  
  16  0:44  Probe (Chrono Boost)  
  16  0:46  Assimilator  
  17  0:50  Probe  
  17  0:54  Assimilator  
  18  1:03  Probe (Chrono Boost)  
  19  1:09  Gateway  
  19  1:12  Probe (Chrono Boost)  
  19  1:17  Probe (Chrono Boost)  
  21  1:25  Cybernetics Core  
  21  1:29  Probe  
  22  1:36  Pylon  
  22  1:41  Probe  
  23  2:02  Stargate  
  23  2:03  Adept x2  
  23  2:06  Warp Gate  
  27  2:15  Pylon  
  27  2:16  Probe  
  28  2:28  Probe  
  29  2:35  Stalker x2  
  34  2:46  Oracle (Chrono Boost)  
  36  3:01  Probe  
  36  3:02  Pylon  
  35  3:28  Nexus  
  35  3:33  Robotics Facility  
  33  3:35  Probe  
  33  3:47  Probe  

Tags
 
Add a new tag
Caveats
  • Supply blocks, unpowered buildings, or Contaminate may cause inaccurate times.
  • Supply counts are checked every 10 seconds.